 Dungeon Crawl Stone Soup version 0.26-a0-497-g0187308201 (webtiles) character file.

Game seed: 3977223481585706567

30 MrRokkomies the Sneak (level 2, -2/26 HPs)
             Began as a Demigod Delver on Aug 6, 2020.
             Slain by Sigmund
             ... wielding a +0 scythe
              (10 damage)
             ... on level 3 of the Dungeon.
             The game lasted 00:01:19 (440 turns).

MrRokkomies the Sneak (Demigod Delver)               Turns: 440, Time: 00:01:19

Health: -2/26      AC:  8    Str: 15    XL:     2   Next: 84%
Magic:  4/4        EV: 11    Int: 14    God:
Gold:   10         SH:  0    Dex: 17    Spells: 1/1 levels left

rFire    . . .     SeeInvis .   a - +0 falchion
rCold    . . .     Faith    .   (no shield)
rNeg     . . .     Spirit   .   h - +3 ring mail of Disguise {Stlth+}
rPois    .         Reflect  .   (no helmet)
rElec    .         Harm     .   (no cloak)
rCorr    .                      (no gloves)
MR       .....                  (no boots)
Stlth    +++.......             (no amulet)
HPRegen  0.08/turn              (no ring)
MPRegen  0.09/turn              (no ring)

@: no status effects
A: high mp 1
a: no special abilities


You were on level 3 of the Dungeon.
You visited 1 branch of the dungeon, and saw 3 of its levels.

You collected 10 gold pieces.

Inventory:

Hand Weapons
 a - a +0 falchion (weapon)
Missiles
 i - 7 boomerangs (quivered)
Armour
 h - the +3 ring mail of Disguise (worn) {Stlth+}
   (You found it on level 5 of the Dungeon)

   It makes you more stealthy.
Wands
 g - a wand of digging (3)
Scrolls
 c - a scroll of fog
 d - a scroll of magic mapping
 e - a scroll of fear
Potions
 f - a potion of haste


   Skills:
 * Level 3.1 Fighting
 * Level 2.4 Long Blades
 + Level 2.1 Dodging
 - Level 4.5 Stealth


You had one spell level left.
You didn't know any spells.
Your spell library was empty.

Dungeon Overview and Level Annotations

Branches:
Dungeon (5/15)             Temple (0/1) D:4

Annotations:
D:3 Sigmund


Innate Abilities, Weirdness & Mutations

You have an increased reservoir of magic. (+10% MP)


Message History

Fire/throw which item? (* to show all) (? for menu, Esc to quit)
Throwing (i - inventory. (/) - cycle)
i - 7 boomerangs (quivered)
Press: ? - help, Shift-Dir - straight line, f/p - Sigmund
Aim: Sigmund, wielding a +0 scythe and wearing a +0 robe of resistance (heavily wounded)
You throw a poisoned dart. The poisoned dart hits Sigmund.
Sigmund is poisoned.
Sigmund is heavily wounded.
Sigmund barely misses you.
Fire/throw which item? (* to show all) (? for menu, Esc to quit)
Throwing (i - inventory. (/) - cycle)
i - 7 boomerangs (quivered)
Press: ? - help, Shift-Dir - straight line, f/p - Sigmund
Aim: Sigmund, wielding a +0 scythe and wearing a +0 robe of resistance (heavily wounded, poisoned)
You throw a poisoned dart. The poisoned dart hits Sigmund.
Sigmund looks even sicker.
Sigmund is heavily wounded.
Sigmund casts a spell.
Sigmund flickers and vanishes!
Deactivating autopickup; reactivate with Ctrl-A.
You hit something. Something hits you.
You hit something but do no damage. Something hits you!
You die...

...............
#(........ #.#)........
#.#......... #.#.........
#.#.######## ###
#........... ..#
###.{##########.#
#...@.........#.#
#+###....########.#.#
.........# #.#.#####
......#..########.#.....#
......#.>[.#...##..)..#.#
#+###.#.##.#.#.#......#.#
...##...#.#.######.#
##########.#.# #....#
#...........###.####


There were no monsters in sight!

Vanquished Creatures
  An adder (D:4)
  3 orcs (D:3)
  A giant cockroach (D:5)
  2 goblins (D:3)
  A hobgoblin (D:3)
  4 jackals (D:4)
  3 kobolds (D:3)
15 creatures vanquished.

Vanquished Creatures (others)
  An orc priest (D:4)
  A quokka (D:4)
2 creatures vanquished.

Grand Total: 17 creatures vanquished

Notes
Turn   | Place    | Note
-------+----------+-------------------------------------------
     0 | D:5      | MrRokkomies the Demigod Delver began the quest for the Orb.
     0 | D:5      | Reached XP level 1. HP: 18/18 MP: 3/3
     2 | D:5      | Noticed a worker ant
     6 | D:5      | Noticed an iguana
     7 | D:5      | Got a distressingly furry ring mail
    16 | D:5      | Noticed a scorpion
    18 | D:4      | Found a staircase to the Ecumenical Temple.
    27 | D:4      | Killed an orc priest
    29 | D:4      | Reached XP level 2. HP: 9/25 MP: 4/4
    49 | D:4      | Noticed an ogre
   264 | D:3      | Identified the +3 ring mail of Disguise {Stlth+} (You found
                  | it on level 5 of the Dungeon)
   409 | D:3      | Noticed Sigmund
   440 | D:3      | Slain by Sigmund

Illustrated notes

Levels and vault maps discovered:
D:3:      kennysheep_six_static_rooms, layout_basic, grunt_decor_mini_mirrors,
          minmay_misc_feat_doors, uniq_sigmund
D:4:      layout_basic, kennysheep_little_box, temple_statues, serial_shops,
          shop, xom_confusion_cloud
D:5:      lemuel_ratsnest, layout_rooms

Skill      XL: |  1  2 |
---------------+-------+-----
Long Blades    | 2 |  2.4
Fighting       | 3 |  3.1
Dodging        | 2 |  2.1
Stealth        | |  4.5

Action                   || total
-------------------------++-------
Melee: Falchion          ||    56
Throw: Dart              ||     4
 Stab: Sleeping          ||     4
Armor: Leather armour    ||     7
       Ring mail         ||    27
Dodge: Dodged            ||    50
       Rpst.: Falchion   ||    10

Table legend: (Time is in decaauts)
 A = Elapsed time spent in this place.
 B = Non-inter-level travel time spent in this place.
 C = Inter-level travel time spent in this place.
 D = Time resting spent in this place.
 E = Time spent auto-exploring this place.
 F = Levels seen in this place.
 G = Mean time per level.
                   A        B        C        D        E       F      G
               +--------+--------+--------+--------+--------+-----+--------+
         Total |    450 |    450 |      0 |    178 |     99 |   3 |  150.0 |
       Dungeon |    450 |    450 |      0 |    178 |     99 |   3 |  150.0 |
               +--------+--------+--------+--------+--------+-----+--------+

Top non-repeatable levels by time:
     D:3: 375 daAuts
     D:4: 55 daAuts
     D:5: 18 daAuts
